 Dungeon Crawl Stone Soup version 0.29-a0-721-g7f417c9bbb (webtiles) character file.

Game seed: 7306905961365519874

9706 inmateoo the Grappler (level 11, -9/58 HPs)
             Began as a Vine Stalker Fighter on June 27, 2022.
             Was a High Priest of Cheibriados.
             Mangled by a skeletal warrior
             ... wielding a +0 flail
              (19 damage)
             ... on level 11 of the Dungeon.
             The game lasted 00:12:47 (9520 turns).

inmateoo the Grappler (Vine Stalker Fighter)        Turns: 9520, Time: 00:12:48

Health: -9/58      AC: 15    Str: 32    XL:     11   Next: 50%
Magic:  0/18       EV: 14    Int: 19    God:    Cheibriados [*****.]
Gold:   600        SH:  7    Dex: 27    Spells: 16/18 levels left

rFire   . . .      SeeInvis .     - Unarmed
rCold   + . .      Faith    .   b - +0 buckler
rNeg    . . .      Spirit   +   a - +0 scale mail
rPois   .          Reflect  .   d - +1 helmet
rElec   .          Harm     .   v - +2 cloak
rCorr   +          Rampage  .   n - +1 pair of gloves
Will    +....                   (no boots)
Stlth   +.........              f - amulet of the acrobat
HPRegen 0.99/turn               B - ring of protection from cold
MPRegen 0.16/turn               z - ring of resist corrosion

@: very slow
A: fangs 3, regeneration 1, magic shield, antimagic bite, no potion heal 2
a: Renounce Religion, Bend Time, Temporal Distortion, Slouch, Step From Time


You were on level 11 of the Dungeon.
You worshipped Cheibriados.
Cheibriados was extremely pleased with you.
You visited 1 branch of the dungeon, and saw 11 of its levels.
You also visited: Sewer and Ossuary.

You collected 600 gold pieces.

Inventory:

Hand Weapons
 D - the +8 trident of the Octopus King {venom, rElec rPois}
   (You found it on level 8 of the Dungeon)

   It poisons the flesh of those it strikes.
   rElec:     It insulates you from electricity.
   rPois:     It protects you from poison.
Armour
 a - a +0 scale mail (worn)
 b - a +0 buckler (worn)
 d - a +1 helmet (worn)
 n - a +1 pair of gloves (worn)
 v - a +2 cloak (worn)
 E - +0 steam dragon scales
Jewellery
 f - an amulet of the acrobat (around neck)
 l - a ring of see invisible
 z - a ring of resist corrosion (right hand)
 B - a ring of protection from cold (left hand)
 C - a ring of protection from cold
Wands
 e - a wand of flame (9)
 i - a wand of paralysis (4)
 F - a wand of iceblast (14)
Scrolls
 g - a scroll of enchant armour
 h - a scroll of identify
 m - 2 scrolls of immolation
 s - 4 scrolls of vulnerability
 w - 2 scrolls of magic mapping
 x - a scroll of silence
 y - a scroll of brand weapon
 G - 3 scrolls of fog
Potions
 c - 4 potions of might
 j - 5 potions of curing
 k - 8 potions of flight
 o - 2 potions of attraction
 p - 2 potions of ambrosia
 q - 4 potions of resistance
 r - 2 potions of mutation
 u - a potion of invisibility
 A - 6 potions of heal wounds
 I - 2 potions of lignification
Miscellaneous
 H - a condenser vane (inert)


   Skills:
 + Level 6.8 Fighting
 + Level 6.2 Armour
 + Level 4.9 Dodging
 + Level 6.8 Shields
 * Level 10.0 Unarmed Combat
 - Level 4.0 Spellcasting
 + Level 5.1 Invocations


You had 16 spell levels left.
You knew the following spells:

 Your Spells              Type           Power      Damage    Failure   Level
a - Passwall              Tmut/Erth      2%         N/A       43%         2

Your spell library contained the following spells:

 Spells                   Type           Power      Damage    Failure   Level
 Ensorcelled Hibernation  Hex/Ice        6%         N/A       43%         2
 Static Discharge         Conj/Air       3%         N/A       43%         2
 Spider Form              Tmut/Pois      3%         N/A       67%         3
 Swiftness                Air            3%         N/A       67%         3
 Anguish                  Hex/Necr       1%         N/A       97%         4
 Corpse Rot               Necr/Pois/Air  3%         N/A       97%         4
 Dispel Undead            Necr           3%         3d7       97%         4
 Sticky Flame             Conj/Fire      3%         2d3       97%         4
 Death Channel            Necr           1%         N/A       100%        6


Dungeon Overview and Level Annotations

Branches:
Dungeon (11/15)            Temple (0/1) D:5            Lair (0/6) D:10
    Orc (0/2) D:9           Sewer (visited)         Ossuary (visited)

Altars:
Ashenzari
Cheibriados
Fedhas
Nemelex Xobeh
Okawaru
Qazlal
Ru
Sif Muna
Uskayaw
Yredelemnul

Shops:
D:2 (   D:5 *   D:10 *   D:11 *

Annotations:
D:9 3 runed translucent doors, gabibbone's ghost, novice VSBr; vineage's ghost, novice DsGl


Innate Abilities, Weirdness & Mutations

You have razor-sharp teeth.
Your natural rate of healing is unusually fast.
When hurt, damage is shared between your health and your magic reserves.
Your bite disrupts and absorbs the magic of your enemies.
Potions cannot restore your health.


Message History

The bolt of light hits the skeletal warrior.
The skeletal warrior is lightly damaged.
The skeletal warrior closely misses you.
Activating: Slouch (19% risk of failure)
Press: ? - help, Dir - look around, f - activate You can feel time thicken for a moment.
Cheibriados lowers the support of your attributes as your movement quickens.
The skeletal warrior is no longer blind.
The skeletal warrior barely misses you.
Activating: Slouch (19% risk of failure)
Press: ? - help, Dir - look around, f - activate You can feel time thicken for a moment.
The skeletal warrior is no longer blind.
The skeletal warrior hits you but does no damage.
You don't have enough magic at the moment.
Unknown command.
You closely miss the skeletal warrior.
The skeletal warrior is severely damaged.
The skeletal warrior barely misses you.
You punch the skeletal warrior!
You bite the skeletal warrior, but do no damage.
The skeletal warrior is almost destroyed.
The skeletal warrior hits you with a +0 flail!!
* * * LOW HITPOINT WARNING * * *
Okay, then.
Okay, then.
Aiming: Bolt of Light
Press: ? - help, Shift-Dir - straight line, f - skeletal warrior, p - skeletal warrior
Aim: a skeletal warrior, wielding a +1 vorpal long sword (almost destroyed, 71% to hit)
The bolt of light hits the skeletal warrior but does no damage.
The skeletal warrior is almost destroyed.
The skeletal warrior is blinded.
The bolt of light hits the skeletal warrior!
The skeletal warrior is almost destroyed.
The bolt of light hits the skeletal warrior.
The skeletal warrior is almost destroyed.
The skeletal warrior is blinded.
The now-empty wand crumbles to dust.
The skeletal warrior is no longer blind.
The skeletal warrior hits you with a +0 flail!!
You die...

.... ######...### ...
.........## ...
########.# .. #.# #.
#.# #.## #.# #..# #.#
#z##### #.# #zzz@.# #.#
#######.##########.###
#>.......##..........##
.....................††
#........#...........##
#........##..........#
######.####..........#
... ####.####### .###
#...


You could see 4 skeletal warriors.

Vanquished Creatures
  Pikel (D:5)
  A manticore (D:11)
  An elephant (D:10)
  3 kobold demonologists (D:9)
  A troll (D:10)
  A hornet (D:10)
  A shadow (D:7)
  Sigmund (D:2)
  9 yaks
  A wyvern (D:11)
  A basilisk (D:10)
  A vampire (D:11)
  2 steam dragons
  Menkaure (D:5)
  2 water moccasins (D:7)
  Duvessa (D:5)
  A swamp drake (D:9)
  A black bear (D:10)
  6 orc warriors
  An ice beast (D:7)
  3 ogres
  3 phantoms
  A centaur (D:9)
  A lemure (D:5)
  2 kobold brigands
  A bullfrog (D:7)
  A gnoll sergeant (D:8)
  3 necrophages (D:7)
  4 water moccasin zombies (Ossuary)
  2 scorpions
  Dowan (D:5)
  11 wights
  9 killer bees
  5 howler monkeys
  A bullfrog zombie (D:7)
  A centaur zombie (D:7)
  A hound (D:5)
  2 jellies (D:4)
  An iguana (D:7)
  7 orc priests
  Crazy Yiuf (D:2)
  13 orc wizards
  A killer bee zombie (D:7)
  2 mummies (Ossuary)
  A howler monkey zombie (D:7)
  Robin (D:2)
  7 gnolls (D:8)
  4 river rats (Sewer)
  9 adders
  A shadow imp (D:5)
  3 white imps
  2 adder zombies (Ossuary)
  2 worms
  6 dart slugs
  39 orcs
  9 bats
  4 endoplasms
  14 giant cockroaches
  A gnoll zombie (Ossuary)
  7 hobgoblins
  11 jackals
  3 quokkas (D:5)
  9 ball pythons
  3 frilled lizards
  17 goblins
  4 hobgoblin zombies (Ossuary)
  11 kobolds
  4 kobold zombies (Ossuary)
  7 orc zombies (Ossuary)
  5 rats
  A bush (D:7)
299 creatures vanquished.

Vanquished Creatures (others)
  A yak (D:9)
  2 fungi (D:10)
  13 plants
16 creatures vanquished.

Grand Total: 315 creatures vanquished

Notes
Turn   | Place    | Note
-------+----------+-------------------------------------------
     0 | D:1      | inmateoo the Vine Stalker Fighter began the quest for the
                  | Orb.
     0 | D:1      | Reached XP level 1. HP: 11/11 MP: 2/2
   181 | D:1      | Reached XP level 2. HP: 16/16 MP: 3/3
   349 | D:1      | Reached XP level 3. HP: 15/19 MP: 4/4
   697 | D:1      | Found a faded altar of an unknown god.
   990 | D:2      | Noticed Robin
  1682 | D:2      | Killed Robin
  1683 | D:2      | Reached skill level 3 in Unarmed Combat
  1683 | D:2      | Gained mutation: Your natural rate of healing is unusually
                  | fast. [Vine Stalker growth]
  1683 | D:2      | Reached XP level 4. HP: 17/24 MP: 2/5
  1732 | D:2      | Noticed Sigmund
  2545 | D:4      | Noticed a phantom
  2617 | D:4      | Noticed a scorpion
  2627 | D:4      | Killed a scorpion
  2628 | D:4      | Reached XP level 5. HP: 28/28 MP: 6/6
  2717 | D:4      | Killed a phantom
  2718 | D:4      | Reached skill level 4 in Unarmed Combat
  2718 | D:4      | Reached XP level 6. HP: 31/32 MP: 4/7
  2824 | D:4      | Found a hide-covered altar of Uskayaw.
  2928 | D:4      | Found a sand-covered staircase.
  2933 | Ossuary  | Entered an ossuary
  3032 | Ossuary  | Reached XP level 7. HP: 35/37 MP: 7/9
  3052 | Ossuary  | Reached skill level 1 in Spellcasting
  3077 | Ossuary  | Reached skill level 1 in Dodging
  3247 | D:4      | Found a snail-covered altar of Cheibriados.
  3256 | D:4      | Became a worshipper of Cheibriados the Contemplative
  3334 | D:4      | Found a sparkling altar of Nemelex Xobeh.
  3481 | D:2      | Found a runed translucent door.
  3482 | D:2      | Noticed Crazy Yiuf
  3694 | D:2      | Reached skill level 5 in Unarmed Combat
  3698 | D:2      | Killed Sigmund
  3729 | D:2      | Found Eguv's Antique Weapon Shop.
  3881 | D:2      | Killed Crazy Yiuf
  4067 | D:5      | Entered Level 5 of the Dungeon
  4079 | D:5      | Gained mutation: You have razor-sharp teeth. [Vine Stalker
                  | growth]
  4079 | D:5      | Reached XP level 8. HP: 28/42 MP: 7/11
  4170 | D:5      | Found a glowing drain.
  4186 | D:5      | Reached * piety under Cheibriados
  4199 | Sewer    | Entered a sewer
  4786 | D:5      | Found an iron altar of Okawaru.
  4830 | D:5      | Found Haedeed's Overcharged Wands.
  4834 | D:5      | Noticed Pikel
  4852 | D:5      | Killed Pikel
  4853 | D:5      | Reached skill level 6 in Unarmed Combat
  4946 | D:5      | Reached ** piety under Cheibriados
  4982 | D:5      | Reached XP level 9. HP: 28/46 MP: 14/14
  5015 | D:5      | Noticed Menkaure
  5020 | D:5      | Killed Menkaure
  5076 | D:5      | Found a staircase to the Ecumenical Temple.
  5124 | D:5      | Reached skill level 5 in Fighting
  5124 | D:5      | Reached skill level 5 in Shields
  5476 | D:5      | Noticed Duvessa
  5476 | D:5      | Noticed Dowan
  5481 | D:5      | Killed Dowan
  5491 | D:5      | Killed Duvessa
  5492 | D:5      | Reached skill level 7 in Unarmed Combat
  5492 | D:5      | Reached skill level 1 in Invocations
  5535 | D:6      | Identified the +1 short sword "Dotynari" {flame, Int+4}
  6441 | D:6      | Learned a level 2 spell: Passwall
  6472 | D:7      | Reached *** piety under Cheibriados
  6588 | D:7      | Found a blossoming altar of Fedhas.
  6789 | D:7      | Found a stormy altar of Qazlal.
  6802 | D:7      | Reached skill level 5 in Armour
  6841 | D:7      | Reached XP level 10. HP: 48/51 MP: 15/17
  6858 | D:7      | Reached skill level 8 in Unarmed Combat
  7090 | D:8      | Reached **** piety under Cheibriados
  7157 | D:8      | Found the +8 trident of the Octopus King {venom, rElec
                  | rPois}
  7619 | D:8      | Found a shimmering blue altar of Sif Muna.
  7721 | D:9      | Found a runed translucent gate.
  7721 | D:9      | Found a runed translucent gate.
  7721 | D:9      | Found a runed translucent gate.
  7722 | D:9      | Noticed vineage's ghost (novice DsGl)
  7723 | D:9      | Noticed gabibbone's ghost (novice VSBr)
  7833 | D:9      | Noticed a kobold demonologist
  7837 | D:9      | Noticed a sun demon
  7850 | D:9      | Found a staircase to the Orcish Mines.
  7855 | D:9      | Killed a kobold demonologist
  7855 | D:9      | Reached ***** piety under Cheibriados
  7941 | D:9      | Reached skill level 9 in Unarmed Combat
  8139 | D:9      | Noticed a kobold demonologist
  8141 | D:9      | Noticed a kobold demonologist
  8153 | D:9      | Killed a kobold demonologist
  8155 | D:9      | Killed a kobold demonologist
  8160 | D:9      | Reached XP level 11. HP: 37/57 MP: 18/18
  8242 | D:9      | Found a sacrificial altar of Ru.
  8624 | D:10     | Entered Level 10 of the Dungeon
  8745 | D:10     | Found a basalt altar of Yredelemnul.
  8956 | D:10     | Found a staircase to the Lair.
  8988 | D:10     | Found Meennud's Demolitions Depot.
  9154 | D:10     | Found a broken altar of Ashenzari.
  9331 | D:11     | Found Ymacket's Neck Hole.
  9341 | D:11     | Noticed a manticore
  9350 | D:11     | Killed a manticore
  9466 | D:11     | Reached skill level 5 in Invocations
  9501 | D:11     | Reached skill level 10 in Unarmed Combat
  9505 | D:11     | Noticed a skeletal warrior
  9505 | D:11     | Noticed a skeletal warrior
  9505 | D:11     | Noticed a skeletal warrior
  9509 | D:11     | Noticed a skeletal warrior
  9520 | D:11     | Mangled by a skeletal warrior

Illustrated notes

Levels and vault maps discovered:
D:1:      roderic_dead_forest, layout_basic,
          shapermc_ecumenical_altar_mp_ritualfount, wad_floor_pattern_2,
          minmay_misc_feat_rows, minmay_vboxes
D:2:      layout_basic, serial_shops, nicolae_shop_hallway_stairs,
          kennysheep_generic_room_10, uniq_robin, uniq_sigmund,
          uniq_crazy_yiuf_cottage
D:3:      layout_rooms
D:4:      layout_cave_pools, nicolae_uskayaw_dance_hall,
          nemelex_diamond_rough_becter, cheibriados_altar_1, enter_ossuary_2,
          chequers_serial_rivers_marsh, hangedman_decor_clover_reticule
D:5:      layout_gridville, kennysheep_mini, minmay_temple_entry_from_below_a,
          gup_sewer_entry_glass, nicolae_shop_overcharged_wands, uniq_duvessa,
          uniq_pikel, uniq_menkaure
D:6:      layout_gridville
D:7:      layout_gridville, fedhas_altar_decomposition, grunt_qazlal_sundering,
          corexii_checkpoint_a
D:8:      layout_gridville, kennysheep_mini_moat, minivault_22,
          hellmonk_bongcloud_opening
D:9:      layout_roguey, nicolae_ru_great_annihilating_truth, erik_orc_1,
          gammafunk_ghost_cemetery
D:10:     layout_cave_pools, yredelemnul_altar_generic, lemuel_doored_altar,
          david_lair_generic, nicolae_blasting_shop
D:11:     layout_roguey, nicolae_shop_sticking_my_neck_out

Skill      XL: |  1  2  3  4  5  6  7  8  9 10 11 |
---------------+----------------------------------+-----
Fighting       | 3 4 5 6 |  6.8
Shields        | 3 4 5 6 |  6.8
Unarmed Combat | 3 4 5 6 7 9 10 | 10.0
Armour         | 3 4 5 6 |  6.2
Spellcasting   | 1 3 4 |  4.0
Dodging        | 1 2 3 4 |  4.9
Invocations    | 2 4 5 |  5.1

Action                   |  1- 3 |  4- 6 |  7- 9 | 10-12 || total
-------------------------+-------+-------+-------+-------++-------
Melee: Unarmed           |   111 |   181 |   406 |   263 ||   961
       Bite              |    27 |    51 |   146 |   106 ||   330
Invok: Slouch            |       |       |       |     6 ||     6
Evoke: Condenser vane    |       |       |       |     1 ||     1
       Wand              |       |       |       |     6 ||     6
  Use: Scroll            |     9 |     3 |    11 |     5 ||    28
       Potion            |       |       |       |     3 ||     3
 Stab: Distracted        |     1 |       |       |       ||     1
       Confused          |       |       |       |     1 ||     1
       Paralysed         |       |       |       |     2 ||     2
Armor: Scale mail        |    43 |    75 |   153 |   113 ||   384
Dodge: Dodged            |    50 |    74 |   202 |   198 ||   524
Block: Buckler           |    30 |    62 |    98 |    84 ||   274

Table legend: (Time is in decaauts)
 A = Elapsed time spent in this place.
 B = Non-inter-level travel time spent in this place.
 C = Inter-level travel time spent in this place.
 D = Time resting spent in this place.
 E = Time spent auto-exploring this place.
 F = Levels seen in this place.
 G = Mean time per level.
                   A        B        C        D        E       F      G
               +--------+--------+--------+--------+--------+-----+--------+
         Total |  12494 |  11940 |    554 |   1780 |   7580 |  13 |  961.1 |
       Dungeon |  11345 |  10791 |    554 |   1739 |   6866 |  11 | 1031.4 |
         Sewer |    905 |    905 |      0 |      0 |    691 |   1 |  905.0 |
       Ossuary |    243 |    243 |      0 |     41 |     23 |   1 |  243.0 |
               +--------+--------+--------+--------+--------+-----+--------+

Top non-repeatable levels by time:
     D:1: 1699 daAuts
     D:9: 1487 daAuts
     D:6: 1310 daAuts
     D:5: 1220 daAuts
     D:2: 1010 daAuts
     D:8: 1005 daAuts
    D:10: 923 daAuts
   Sewer: 905 daAuts
     D:7: 873 daAuts
     D:3: 660 daAuts
     D:4: 636 daAuts
    D:11: 518 daAuts
 Ossuary: 243 daAuts
